AoeStats
← KG.专业开脑壳

Black Forest

504696150Analyzed
3v3 RM · 25d ago on Sep 6, 2026· 48m 43s· 6 players
Game mode
Random Map
Map size
Normal (6 player)
Population
200
Speed
Normal
Resources
Standard
Victory
Conquest
Starting age
Dark Age
Ending age
Imperial Age
RankedLock teamsTeams togetherTeam positionsShared explorationLock speedFull tech treeHidden civsTurbo modeCheats
Victory
Defeat
🇩🇪 Chinese · Germany
1368
+11
🇩🇪 Inca · Germany
1306
+14
🇩🇪 Britons · Germany
1299
+14
🇯🇵 Mongols · Japan
1285
-14
🇨🇳 Franks · China
1259
-13
🇨🇳 Persians · China
1229
-12
akidas
0:29 Loom
1:09 Loom
10:47 Feudal Age
14:32 Castle Age
12:58 Double-Bit Axe
16:58 Wheelbarrow
21:23 Horse Collar
22:22 Town Watch
26:01 Gold Mining
27:09 Hand Cart
28:11 Forging
28:55 Gold Shaft Mining
28:12 Stone Mining
28:48 Heavy Plow
29:02 Bow Saw
32:27 Imperial Age
30:44 Stone Shaft Mining
30:57 Bloodlines
30:47 Husbandry
30:55 Scale Barding Armor
31:14 Fletching
31:59 Iron Casting
31:49 Masonry
33:29 Bodkin Arrow
34:56 Chemistry
33:21 Elite Steppe Lancer
34:24 Chain Barding Armor
35:04 Blast Furnace
33:37 Elite Skirmisher
34:25 Thumb Ring
34:21 Bracer
34:22 Padded Archer Armor
35:33 Siege Engineers
37:10 Leather Archer Armor
37:38 Ballistics
38:27 Conscription
42:23 Light Cavalry
43:54 Heavy Scorpion
KG.专业开脑壳
10:40 Feudal Age
11:33 Loom
16:06 Castle Age
14:02 Double-Bit Axe
14:49 Horse Collar
16:32 Wheelbarrow
17:06 Bow Saw
19:33 Heavy Plow
23:04 Hand Cart
23:44 Town Watch
24:55 Gold Mining
25:33 Stone Mining
29:41 Imperial Age
27:49 Scale Barding Armor
27:55 Forging
28:44 Stone Shaft Mining
29:10 Chain Barding Armor
30:01 Iron Casting
31:14 Crop Rotation
30:56 Husbandry
31:07 Bloodlines
32:48 Plate Barding Armor
34:56 Chemistry
35:00 Blast Furnace
34:11 Elite War Elephant
35:54 Scale Mail Armor
37:22 Light Cavalry
42:06 Hussar
44:08 Town Patrol
45:41 Ballistics
45:20 Murder Holes
45:51 Conscription
cihuncihome
5:14 Loom
12:27 Feudal Age
16:00 Castle Age
14:21 Double-Bit Axe
22:11 Bow Saw
23:32 Gold Mining
24:02 Town Watch
26:52 Wheelbarrow
26:36 Stone Mining
30:40 Imperial Age
28:30 Fortified Wall
29:15 Ballistics
29:55 Forging
30:44 Hand Cart
30:39 Scale Barding Armor
31:13 Iron Casting
31:46 Chain Barding Armor
32:41 Chemistry
31:14 Pikeman
31:55 Squires
31:41 Arson
32:36 Conscription
33:19 Gold Shaft Mining
32:35 Cavalier
33:18 Husbandry
32:39 Light Cavalry
33:33 Chivalry
37:02 Paladin
41:36 Halberdier
Cuntmachine
0:50 Loom
12:05 Feudal Age
13:45 Horse Collar
16:14 Castle Age
14:46 Double-Bit Axe
15:07 Stone Mining
16:08 Gold Mining
20:30 Wheelbarrow
19:41 Town Watch
20:06 Heavy Plow
21:13 Bow Saw
21:40 Forging
22:23 Fletching
22:46 Champi Runner
24:39 Scale Mail Armor
25:21 Squires
25:49 Champi Warrior
26:46 Chain Mail Armor
28:01 Arson
29:32 Iron Casting
29:37 Pikeman
30:46 Ballistics
31:11 Elite Skirmisher
35:03 Imperial Age
33:02 Bodkin Arrow
33:07 Padded Archer Armor
35:13 Halberdier
37:25 Blast Furnace
39:44 Plate Mail Armor
42:17 Blast Furnace
41:18 Bracer
42:34 Leather Archer Armor
43:13 Andean Sling
43:18 Fabric Shields
43:16 Elite Kamayuk
45:35 Crop Rotation
45:50 Gold Shaft Mining
45:50 Elite Champi Warrior
47:19 Conscription
47:35 Ring Archer Armor
47:52 Hoardings
neumi11
1:13 Loom
11:31 Feudal Age
16:21 Castle Age
14:11 Double-Bit Axe
14:21 Horse Collar
16:10 Gold Mining
17:44 Wheelbarrow
18:36 Heavy Plow
24:34 Hand Cart
25:43 Bow Saw
26:13 Stone Mining
26:59 Gold Shaft Mining
28:40 Ballistics
28:33 Padded Archer Armor
28:24 Fletching
31:16 Imperial Age
28:32 Town Watch
29:48 Bodkin Arrow
30:17 Leather Archer Armor
30:01 Heated Shot
30:53 Stone Shaft Mining
31:13 Pikeman
31:40 Elite Chu Ko Nu
32:44 Conscription
32:56 Bracer
34:13 Rocketry
33:17 Elite Chu Ko Nu
35:15 Chemistry
34:03 Halberdier
34:57 Forging
34:47 Scale Mail Armor
37:46 Two-Man Saw
37:11 Conscription
37:38 Ring Archer Armor
37:43 Iron Casting
37:24 Chain Mail Armor
37:56 Great Wall
37:26 Sappers
39:32 Squires
39:17 Arson
42:52 Town Patrol
44:34 Capped Ram
47:14 Siege Ram
Crow
6:33 Loom
12:09 Feudal Age
12:23 Feudal Age
13:20 Double-Bit Axe
16:11 Castle Age
15:26 Wheelbarrow
14:37 Horse Collar
15:05 Gold Mining
15:06 Stone Mining
17:02 Bow Saw
22:42 Heavy Plow
25:05 Gold Shaft Mining
26:17 Hand Cart
30:02 Imperial Age
28:06 Padded Archer Armor
27:56 Fletching
28:29 Ballistics
27:55 Treadmill Crane
28:40 Ballistics
29:04 Leather Archer Armor
30:23 Yeomen
30:19 Elite Longbowman
32:29 Two-Man Saw
33:12 Chemistry
32:19 Siege Engineers
32:50 Ring Archer Armor
32:16 Bodkin Arrow
32:24 Warwolf
32:47 Conscription
32:30 Warwolf
34:22 Pikeman
35:02 Squires
34:48 Arson
35:07 Bracer
35:08 Scale Mail Armor
35:18 Forging
35:26 Halberdier
37:55 Chain Mail Armor
38:16 Iron Casting
39:49 Coinage
39:20 Caravan
41:07 Banking
41:40 Plate Mail Armor
42:10 Blast Furnace
42:44 Crossbowman
43:22 Arbalester
Connection lost

Rejoining the realm…

Still unreachable

The connection could not be restored.

Session expired

The server has moved on; the page needs a fresh start.